AoeStats
← betaxy

Arabia

508667134Analyzed
1v1 RM · 8d ago on Sep 23, 2026· 26m 38s· 2 players
Game mode
Random Map
Map size
Tiny (2 player)
Population
200
Speed
Normal
Resources
Standard
Victory
Conquest
Starting age
Dark Age
Ending age
Imperial Age
RankedLock teamsTeams togetherTeam positionsShared explorationLock speedFull tech treeHidden civsTurbo modeCheats
Victory
Defeat
🇨🇿 Armenians · Czechia
1061
+16
🇩🇪 Varangians · Germany
1071
-16
Vencaas
6:23 Loom
10:07 Feudal Age
10:33 Man-at-Arms
11:14 Arson
12:35 Scale Mail Armor
12:54 Horse Collar
13:44 Long Swordsman
25:24 Castle Age
23:43 Double-Bit Axe
24:51 Forging
25:52 Two-Handed Swordsman
betaxy
6:09 Loom
9:04 Feudal Age
9:40 Double-Bit Axe
9:23 Man-at-Arms
11:27 Arson
14:43 Scale Mail Armor
16:21 Forging
Connection lost

Rejoining the realm…

Still unreachable

The connection could not be restored.

Session expired

The server has moved on; the page needs a fresh start.